[Event "Late-Titled-Tuesday-Blitz-January-30-2024"]
[Site "Chess.com"]
[Date "2024.01.30"]
[Round "7"]
[White "melissa_guez"]
[Black "tusplingher"]
[Result "1-0"]
[WhiteElo "2278"]
[BlackElo "2474"]
[TimeControl "180+1"]
[EndTime "15:17:47 PST"]
[Termination "melissa_guez won by checkmate"]

1. e4 c5 2. Nf3 d6 3. d4 Nf6 4. Nc3 cxd4 5. Nxd4 a6 6. Bc4 e6 7. Bb3 Be7 8. O-O O-O 9. f4 Nbd7 10. f5 e5 11.
Nde2 Nc5 12. Bd5 Nxd5 13. exd5 Bf6 14. Ng3 b5 15. Qg4 Bb7 16. Nh5 Kh8 17. b4 Nd7 18.
Ne4 Bxd5 19. Nexf6 Qxf6 20. Bg5 Rg8 21. Rf2 e4 22. Bxf6 gxf6 23. Qd1 e3 24. Re2 Bf3 25. Qxd6 Bxe2 26. Ng3 Bc4 27. Qxd7 Rad8 28. Qe7 Rd2 29. Qxf6+ Rg7 30. Qc3 Bd5 31. Qxe3 Rxg2+ 32. Kf1 Bc6 33. f6 Rg4 34. Rd1 Rg8 35. Qe7 Rxh2 36. Rd8 Rxd8 37. Qxd8+ Be8 38. Qxe8# 1-0

[Event "Late-Titled-Tuesday-Blitz-January-30-2024"]
[Site "Chess.com"]
[Date "2024.01.30"]
[Round "7"]
[White "Hrant_ChessMood"]
[Black "Ali_rastbod"]
[Result "1-0"]
[WhiteElo "2898"]
[BlackElo "2688"]
[TimeControl "180+1"]
[EndTime "15:17:48 PST"]
[Termination "Hrant_ChessMood won by checkmate"]

1. c4 c5 2. Nf3 g6 3. d4 cxd4 4. Nxd4 Bg7 5. e4 Nc6 6. Be3 Nf6 7. Nc3 O-O 8. f3 d6 9. Be2 Bd7 10. O-O Nxd4 11. Bxd4 a5 12. b3 Bc6 13. Qd2 Nd7 14.
Be3 Nc5 15. Rab1 Qb6 16. Rfc1 Rfc8 17. Rc2 Qd8 18. Kh1 Qf8 19. Bf1 h5 20. Ne2 Kh7 21. Nf4 Bf6 22. Re1 Qg7 23. Qf2 Be5 24. Nd5 Bxd5 25.
exd5 Bf6 26. f4 h4 27. Qf3 Qh6 28. Bf2 Rg8 29. Rce2 g5 30. Bxc5 dxc5 31. Rxe7 Bxe7 32. Rxe7 Qf6 33. d6 Rge8 34. Qe4+ Kg7 35. Rxe8 Rxe8 36.
Qxe8 Qxf4 37. Qe1 Qxd6 38. Qxa5 Qd1 39. Qc3+ f6 40. Qf3 Qd7 41. h3 b6 42. Bd3 Qe7 43.
Qe4 Qd6 44. Kg1 Kf8 45. Kf1 Qg3 46. Ke2 Qd6 47. a3 Qg3 48. b4 Qd6 49. b5 Qh2 50. a4 Qg1 51. a5 bxa5 52. b6 Qa1 53.
b7 Qb2+ 54. Kf3 a4 55. Qd5 Kg7 56. Qd7+ Kh6 57. Qh7# 1-0

[Event "Late-Titled-Tuesday-Blitz-January-30-2024"]
[Site "Chess.com"]
[Date "2024.01.30"]
[Round "7"]
[White "santosalberto1987"]
[Black "Boninknights"]
[Result "1-0"]
[WhiteElo "2536"]
[BlackElo "2413"]
[TimeControl "180+1"]
[EndTime "15:17:48 PST"]
[Termination "santosalberto1987 won by resignation"]

1. e4 e5 2. Nf3 Qe7 3. Bc4 g6 4. O-O Bg7 5. c3 Nf6 6. Re1 O-O 7. d4 d6 8. h3 h6 9. Nbd2 Nc6 10.
dxe5 dxe5 11. Nf1 Rd8 12. Qc2 Be6 13. Bxe6 Qxe6 14. Be3 Nh5 15. b4 b6 16. Rad1 Nf4 17. a4 Qc4 18. N1d2 Qd3 19. Qxd3 Rxd3 20. Rc1 Rad8 21. Nf1 a5 22. b5 Nb8 23. Ng3 Ne6 24.
Kf1 Nd7 25. Red1 Ndc5 26. Rxd3 Rxd3 27. Ke2 Rd6 28. Ra1 f6 29. Nd2 Nf4+ 30. Bxf4 exf4 31. Ngf1 g5 32. f3 f5 33. exf5 Rd5 34. Ne4 Rxf5 35. Nfd2 Rd5 36. Nxc5 Rxc5 37. Ne4 Rc4 38. Kd3 Rxe4 39.
fxe4 Kf7 40. Rd1 Be5 41. Kc4 Ke7 42. Rd5 Ke6 43. Rd8 h5 44. Re8+ Kd6 45. Rg8 Bf6 46.
Rg6 Ke5 47. Rh6 g4 48. Rxh5+ Kxe4 49. hxg4 f3 50. gxf3+ Kxf3 51. Rf5+ 1-0

[Event "Late-Titled-Tuesday-Blitz-January-30-2024"]
[Site "Chess.com"]
[Date "2024.01.30"]
[Round "7"]
[White "ArtemDyachuk"]
[Black "Byniolus"]
[Result "0-1"]
[WhiteElo "2636"]
[BlackElo "2851"]
[TimeControl "180+1"]
[EndTime "15:17:50 PST"]
[Termination "Byniolus won by checkmate"]

1. e4 d6 2. d4 Nf6 3. Nc3 c6 4. Nf3 Bg4 5. h3 Bh5 6. Bf4 e6 7. g4 Bg6 8. Qe2 Be7 9. O-O-O Qa5 10. h4 h5 11. e5 Nd5 12. Nxd5 Qxd5 13. exd6 Bxd6 14.
Bxd6 Qxd6 15. Ne5 Nd7 16. Nxg6 fxg6 17. Re1 O-O-O 18. Qe3 hxg4 19. Bd3 Nf6 20. c3 c5 21. Qxe6+ Qxe6 22. Rxe6 cxd4 23. Bxg6 dxc3 24. bxc3 Nd5 25. Rd1 Nf4 26. Red6 Rxd6 27. Rxd6 Kc7 28. Rd4 Ne2+ 29.
Kd2 Nxd4 30. cxd4 Rxh4 31. Ke3 Rh3+ 32. Ke4 Rf3 33. Bh5 Rxf2 34. Bxg4 Rxa2 35. Ke5 Rg2 36.
Bf3 Rf2 37. Be4 Re2 38. d5 Rxe4+ 39. Kxe4 Kd6 40. Kd4 g5 41. Ke4 a5 42. Kd4 g4 43. Ke4 a4 44. Kf5 a3 45. Ke4 a2 46.
Kf5 g3 47. Ke4 g2 48. Kf5 g1=Q 49. Ke4 a1=Q 50. Kf5 b5 51. Ke4 b4 52. Kf5 b3 53.
Ke4 b2 54. Kf5 b1=Q+ 55. Kf4 Qf6# 0-1

[Event "Late-Titled-Tuesday-Blitz-January-30-2024"]
[Site "Chess.com"]
[Date "2024.01.30"]
[Round "7"]
[White "yobdc"]
[Black "ACollins05"]
[Result "1-0"]
[WhiteElo "2580"]
[BlackElo "2455"]
[TimeControl "180+1"]
[EndTime "15:17:51 PST"]
[Termination "yobdc won by resignation"]

1. e4 c5 2. Nf3 d6 3. Bb5+ Bd7 4. c4 Nf6 5. Nc3 g6 6. d4 cxd4 7. Nxd4 Bg7 8. O-O O-O 9. Bxd7 Nbxd7 10. Be3 Qa5 11.
Rc1 Rfc8 12. b3 a6 13. a4 Nc5 14. Nd5 Nxd5 15. exd5 Qc7 16. Re1 Re8 17. h4 e6 18.
dxe6 Nxe6 19. Nf3 Rad8 20. h5 Qc6 21. h6 Bh8 22. Qd5 Nc7 23. Qg5 Ne6 24. Qd5 Qd7 25.
Red1 Nc7 26. Qg5 Ne6 27. Qg4 f5 28. Qh4 Qe7 29. Qg3 Qf7 30. Ng5 Nxg5 31. Bxg5 Be5 32. Qf3 Rd7 33. g3 Bf6 34. Bf4 Red8 35. Rd5 Be5 36. Rcd1 Bxf4 37. Qxf4 Qe6 38. Qd4 Qe7 39. c5 Qf8 40. Rxd6 Rxd6 41. cxd6 Qxh6 42. Qd5+ Kh8 43. d7 Qg7 44. Qe6 Qf8 45. Rc1 Kg7 46. Rc8 h5 47. Rxd8 Qxd8 48. Qe8 Qg5 49. d8=Q Qc1+ 50. Kh2 1-0

[Event "Late-Titled-Tuesday-Blitz-January-30-2024"]
[Site "Chess.com"]
[Date "2024.01.30"]
[Round "7"]
[White "jup1978"]
[Black "mightysmasher"]
[Result "0-1"]
[WhiteElo "2434"]
[BlackElo "2560"]
[TimeControl "180+1"]
[EndTime "15:17:51 PST"]
[Termination "mightysmasher won on time"]

1. d4 d5 2. Nf3 Nf6 3. c4 e6 4. g3 Be7 5. Bg2 O-O 6. O-O b6 7.
cxd5 exd5 8. Nc3 Bb7 9. Bf4 Nbd7 10. Rc1 c6 11. Re1 Re8 12. Ne5 Nxe5 13. Bxe5 Ng4 14.
Bf4 Bg5 15. Qd2 Bxf4 16. Qxf4 Nf6 17. e4 dxe4 18. Nxe4 Nxe4 19. Rxe4 Qd7 20. Rce1 Rxe4 21. Qxe4 g6 22. Qe7 Rd8 23. h4 Ba6 24. Bxc6 Qxe7 25. Rxe7 Rxd4 26. Rxa7 Rd1+ 27. Kg2 Bf1+ 28. Kf3 Rd3+ 29. Ke4 Rd2 30. b4 Rxf2 31. Ke5 Rf5+ 32. Kd6 b5 33. Bd5 Kg7 34. g4 Rf6+ 35. Ke5 h6 36. Rb7 g5 37. hxg5 hxg5 38. Be4 Rf4 39. Bf5 Rxb4 40. Be6 Rf4 41. Bf5 b4 42. Rb6 Rf2 43.
Rxb4 Re2+ 0-1

[Event "Late-Titled-Tuesday-Blitz-January-30-2024"]
[Site "Chess.com"]
[Date "2024.01.30"]
[Round "7"]
[White "h4parah5"]
[Black "BilodeauA"]
[Result "1-0"]
[WhiteElo "2919"]
[BlackElo "3020"]
[TimeControl "180+1"]
[EndTime "15:17:52 PST"]
[Termination "h4parah5 won by resignation"]

1. Nf3 d5 2. e3 Bg4 3. h3 Bh5 4. c4 dxc4 5. Bxc4 e6 6. d4 a6 7. Nc3 Nc6 8. O-O Nf6 9. Re1 Be7 10.
a3 O-O 11. g4 Bg6 12. e4 Nd7 13. Bf4 Bd6 14. e5 Be7 15. d5 exd5 16. Nxd5 Nc5 17.
Rc1 Ne6 18. Bg3 Bc5 19. b4 Ba7 20. Nf4 Qe7 21. Nxe6 fxe6 22. Qb3 Rae8 23. Kg2 h6 24. Rcd1 Qf7 25. Rd2 Kh8 26. Qc3 Rd8 27. Rxd8 Rxd8 28. Re2 Ne7 29. Nh4 Bh7 30. f4 Nd5 31. Qf3 g5 32.
Nf5 gxf4 33. Bh4 Rd7 34. Bxd5 Bxf5 35. Bf6+ Kh7 36. gxf5 Rxd5 37. Qe4 Rd4 38. fxe6+ Qg6+ 39. Qxg6+ Kxg6 40. e7 Kf7 41. e6+ Ke8 42. Bxd4 Bxd4 43. Kf3 Kxe7 44. Kxf4 c5 45. Kf5 c4 46. Re4 Bb2 47.
Rxc4 Bxa3 48. Rc7+ Kd6 49. Rxb7 1-0

[Event "Late-Titled-Tuesday-Blitz-January-30-2024"]
[Site "Chess.com"]
[Date "2024.01.30"]
[Round "7"]
[White "Hui_Li_Macau"]
[Black "Practical-Play"]
[Result "1-0"]
[WhiteElo "2369"]
[BlackElo "2608"]
[TimeControl "180+1"]
[EndTime "15:17:53 PST"]
[Termination "Hui_Li_Macau won by checkmate"]

1. e4 d5 2. exd5 Nf6 3. Nf3 Qxd5 4. Nc3 Qd6 5. d4 Bg4 6. h3 Bh5 7. g4 Bg6 8. Ne5 Nc6 9. f4 Nxd4 10. Bd3 e6 11.
Be3 Nc6 12. Nxc6 Bxd3 13. Qxd3 Qxc6 14. O-O-O Bb4 15. Qb5 Bxc3 16. Qxc6+ bxc6 17. bxc3 Nd5 18. Bd4 O-O 19. f5 Rfe8 20. c4 Nb6 21. Bxb6 axb6 22. Kb2 exf5 23. gxf5 Re4 24. Rd7 Rxc4 25. Rxc7 h6 26. f6 gxf6 27. Rg1+ Kf8 28. Rf1 Rb4+ 29. Kc3 Rh4 30. Rxf6 Rxh3+ 31. Kb2 b5 32. Rfxf7+ Ke8 33. Rfe7+ Kf8 34. Rf7+ Ke8 35. Rh7 Rf3 36. Rh8+ Rf8 37.
Rxh6 Rd8 38. Re6# 1-0

[Event "Late-Titled-Tuesday-Blitz-January-30-2024"]
[Site "Chess.com"]
[Date "2024.01.30"]
[Round "7"]
[White "protectiago"]
[Black "BebeBonito2022"]
[Result "0-1"]
[WhiteElo "2061"]
[BlackElo "2331"]
[TimeControl "180+1"]
[EndTime "15:17:54 PST"]
[Termination "BebeBonito2022 won on time"]

1. d4 Nf6 2. c4 e6 3. g3 d5 4. Nf3 Bb4+ 5. Bd2 Bd6 6. Nc3 O-O 7. Qc2 c6 8. Bg5 Nbd7 9. Bg2 h6 10. Bxf6 Nxf6 11. O-O dxc4 12. e4 Be7 13. Rfd1 Rb8 14.
Ne5 Nd7 15. Nxc4 b5 16. Ne3 Qb6 17. d5 c5 18. dxe6 fxe6 19. Ne2 Bg5 20. f4 Be7 21.
Kh1 c4 22. Nf1 Nc5 23. Nd4 Bb7 24. e5 Nd3 25. Bxb7 Qxb7+ 26. Qg2 Qxg2+ 27. Kxg2 Nxb2 28. Re1 Nd3 29. Re3 Bc5 30. Re4 Rfd8 31. Nxe6 Rdc8 32.
Nxc5 Nxc5 33. Ree1 b4 34. Ne3 Nd3 35. Re2 c3 36.
Nc2 a5 37. Rd1 Rd8 38. e6 Nxf4+ 39. gxf4 Rxd1 40. e7 Rd2 41. Kf1 Re8 42. Ne3 Rxe7 43. Rxd2 cxd2 0-1

[Event "Late-Titled-Tuesday-Blitz-January-30-2024"]
[Site "Chess.com"]
[Date "2024.01.30"]
[Round "7"]
[White "valeriocarnicelli"]
[Black "RCone"]
[Result "1-0"]
[WhiteElo "2540"]
[BlackElo "2331"]
[TimeControl "180+1"]
[EndTime "15:17:56 PST"]
[Termination "valeriocarnicelli won on time"]

1. b3 d6 2. Bb2 Nd7 3. e3 e5 4. Nf3 Ngf6 5. c4 g6 6. d3 Bg7 7. Be2 O-O 8. O-O a5 9. Nbd2 h6 10. a3 g5 11. b4 Re8 12. Qc2 Nf8 13. Ne4 Ng6 14. Nfd2 Nh7 15. Nc3 f5 16. Bh5 Nhf8 17.
e4 f4 18. f3 Re6 19. Ne2 Re7 20. d4 Be6 21. d5 Bf7 22. c5 Nh7 23. Nc4 Nf6 24.
Bxg6 Bxg6 25. Nxa5 Rxa5 26. bxa5 g4 27. Rac1 Bf8 28. c6 bxc6 29. Qxc6 Be8 30. Qb7 Rg7 31. Kh1 c5 32. Qb6 Qd7 33. Bxe5 gxf3 34. gxf3 Qh3 35. Rf2 Ng4 36. fxg4 dxe5 37. Qe6+ Bf7 38. Qxe5 Rxg4 39. Rg1 Bg7 40. Rxg4 Qxg4 41. Qxf4 Qxf4 42. Rxf4 Be5 43.
a6 Bxf4 44. Nxf4 c4 45. a7 c3 46. a8=Q+ Kg7 47. Qc6 Bxd5 48. exd5 c2 49. Qxc2 1-0

[Event "Late-Titled-Tuesday-Blitz-January-30-2024"]
[Site "Chess.com"]
[Date "2024.01.30"]
[Round "7"]
[White "lupta_robin"]
[Black "GMKrikor"]
[Result "1-0"]
[WhiteElo "2553"]
[BlackElo "2792"]
[TimeControl "180+1"]
[EndTime "15:17:57 PST"]
[Termination "lupta_robin won by resignation"]

1. e4 e6 2. d4 d5 3. Nc3 Nf6 4. e5 Nfd7 5. f4 c5 6. Nf3 Nc6 7. Be3 a6 8. Qd2 b5 9. a3 Qa5 10. dxc5 Bxc5 11. Bxc5 Nxc5 12. Nd4 Nxd4 13. Qxd4 Ne4 14.
b4 Qc7 15. Nxe4 dxe4 16. c4 O-O 17. Qd6 Qxd6 18. exd6 bxc4 19. Bxc4 Rd8 20. O-O-O Bb7 21. Kb2 Rac8 22. Rd4 a5 23. Kb3 axb4 24. axb4 g6 25. Ra1 e3 26. g4 e2 27. Bxe2 Bd5+ 28. Bc4 Rxc4 29. Rxc4 Rxd6 30. b5 Kg7 31. Kb4 Bxc4 32. Kxc4 Rd2 33. Rb1 Rxh2 34. b6 Rc2+ 35. Kb5 Rc8 36.
b7 Rb8 37. Kc6 g5 38. fxg5 Kg6 39. Rb5 h6 40. gxh6 Kxh6 41. Kc7 Rg8 42. b8=Q Rxb8 43.
Kxb8 Kg6 44. Kc7 f5 45. Kd6 fxg4 46. Kxe6 g3 47. Rb3 1-0

[Event "Late-Titled-Tuesday-Blitz-January-30-2024"]
[Site "Chess.com"]
[Date "2024.01.30"]
[Round "7"]
[White "Witik"]
[Black "MikaelyanArman"]
[Result "1-0"]
[WhiteElo "2671"]
[BlackElo "2842"]
[TimeControl "180+1"]
[EndTime "15:17:58 PST"]
[Termination "Witik won on time"]

1. d4 Nf6 2. c4 g6 3. g3 Bg7 4. Bg2 O-O 5. Nc3 d6 6. Nf3 Nbd7 7. O-O e5 8. e4 exd4 9. Nxd4 Re8 10. Re1 Nc5 11. f3 c6 12. Kh1 a5 13. Be3 Nfd7 14. Nb3 Nxb3 15. axb3 Qc7 16. Qc2 Rb8 17. Rad1 Nc5 18.
Na4 b6 19. Nc3 h5 20. h3 Kh7 21. Ne2 Qe7 22. Bf2 Be6 23. Nd4 Bd7 24. f4 Rbd8 25.
Re2 Kg8 26. Rde1 Ne6 27. Nxe6 Bxe6 28. Bxb6 Ra8 29. Ra1 Qb7 30. Bxa5 Reb8 31. Ra3 d5 32. exd5 cxd5 33. Qd2 Bf8 34. b4 Rxa5 35. bxa5 Bxa3 36. bxa3 Qb3 37. cxd5 Qxg3 38. Qe1 Qd3 39. dxe6 fxe6 40. Kh2 Rb1 41. Qf2 Qa6 42. Rd2 Kf7 43. Qg3 1-0

[Event "Late-Titled-Tuesday-Blitz-January-30-2024"]
[Site "Chess.com"]
[Date "2024.01.30"]
[Round "7"]
[White "subham777"]
[Black "yaguigor"]
[Result "0-1"]
[WhiteElo "2488"]
[BlackElo "2625"]
[TimeControl "180+1"]
[EndTime "15:17:58 PST"]
[Termination "yaguigor won by resignation"]

1. e4 e5 2. Nf3 Nc6 3. Bc4 Bc5 4. c3 Nf6 5. d3 O-O 6. Nbd2 a6 7. Nf1 d5 8. exd5 Nxd5 9. Ng3 Re8 10. Ne4 Bf8 11.
Nfg5 h6 12. Nxf7 Kxf7 13. Qf3+ Kg6 14. h4 Kh7 15. Qf7 Be6 16. Ng5+ Qxg5 17. Qxe8 Qxc1+ 18. Rxc1 Rxe8 19. Bb3 Nf4 20. Bc2 Bf5 21. Rd1 Rd8 22. O-O Bxd3 23. Bxd3+ Nxd3 24. Rd2 Nf4 25. Rxd8 Nxd8 26.
Rd1 Bd6 27. g3 Nfe6 28. Kg2 Kg6 29. Kf3 Kf6 30. b4 Nc6 31. Ke4 Ne7 32. Rd3 Kf7 33. Rf3+ Ke8 34. a4 Ng8 35. Kd5 Ke7 36. Kc4 Nf6 37.
a5 e4 38. Re3 c6 39. Kb3 Nc7 40. c4 Ne6 41. Kc3 Be5+ 42. Kb3 Nd4+ 43. Ka4 Nf5 44.
Re2 e3 45. b5 cxb5+ 46. cxb5 axb5+ 47. Kb4 Ke6 48. fxe3 Nd5+ 49. Kc5 Bd6+ 50. Kxb5 Nc3+ 51. Kb6 Nxe2 52. Kxb7 Nxe3 53. a6 Bc5 54. Kc6 Bd4 55. Kb5 Kd5 56. Kb4 Nxg3 57. Kb3 Ba7 58. h5 Nxh5 59.
Ka4 Nf4 0-1

[Event "Late-Titled-Tuesday-Blitz-January-30-2024"]
[Site "Chess.com"]
[Date "2024.01.30"]
[Round "7"]
[White "INLOVEWITHF"]
[Black "krzyzan94"]
[Result "0-1"]
[WhiteElo "2590"]
[BlackElo "2763"]
[TimeControl "180+1"]
[EndTime "15:17:59 PST"]
[Termination "krzyzan94 won by resignation"]

1. d4 Nf6 2. c4 d6 3. Nc3 e5 4. dxe5 dxe5 5. Qxd8+ Kxd8 6. g3 c6 7. Bg2 Nfd7 8. Nf3 f6 9. O-O Kc7 10. a3 a5 11. Be3 a4 12. Rac1 Bc5 13. Nd2 Bxe3 14.
fxe3 Nc5 15. Nde4 Nba6 16. Nb5+ Kb6 17. Nbd6 Be6 18. Rfd1 Rad8 19. Kf2 Nxe4+ 20. Nxe4 Nc5 21. Nd6 Kc7 22. Ne4 Nb3 23. Rxd8 Rxd8 24. Rc3 Rd1 25.
c5 Rb1 26. Nd6 Rxb2 27. Ne8+ Kb8 28. Nxg7 Bg4 29. Bf3 Bxf3 30. Kxf3 Nd2+ 31. Kg4 Rb3 32. Rd3 Nc4 33. Rd8+ Ka7 34. Ne6 Nxe3+ 35. Kh5 Nd5 36. e4 Nc3 37. Nc7 b6 38. Rd7 bxc5 39. Ne8+ Kb6 40.
Nd6 Nb5 41. Nc4+ Ka6 42. Rf7 Rc3 43. Nd2 Rxa3 44. Rxf6 Nd4 45. Nc4 Rf3 46. Rh6 a3 47. Nxe5 a2 48. Nxf3 a1=Q 49. Nxd4 Qxd4 50. Rxc6+ Kb5 51.
Re6 c4 52. Kg5 c3 53. e5 c2 54. Rd6 c1=Q+ 0-1

[Event "Late-Titled-Tuesday-Blitz-January-30-2024"]
[Site "Chess.com"]
[Date "2024.01.30"]
[Round "7"]
[White "BogdanDeac"]
[Black "Vladimir_2020"]
[Result "1-0"]
[WhiteElo "3048"]
[BlackElo "2767"]
[TimeControl "180+1"]
[EndTime "15:18:01 PST"]
[Termination "BogdanDeac won on time"]

1. d4 d5 2. Nf3 Nf6 3. Bf4 e6 4.
e3 Bd6 5. Bg3 O-O 6. c4 c5 7.
dxc5 Bxc5 8. Nc3 Nc6 9. a3 a6 10. Qc2 dxc4 11. Bxc4 b5 12. Bd3 Bb7 13. Ne4 Qa5+ 14.
Ke2 Be7 15. Rac1 Rac8 16. Qb1 Nxe4 17. Bxe4 h6 18. Rhd1 Rfd8 19. Kf1 b4 20. axb4 Rxd1+ 21. Rxd1 Nxb4 22. Bxb7 Qb5+ 23. Kg1 Qxb7 24. h3 Rd8 25. Rc1 Bf6 26. Rc4 a5 27. b3 Qd5 28. Rc1 Qd3 29. Bc7 Qxb1 30. Rxb1 Rd5 31. e4 Rc5 32.
Bd6 Rc3 33. Bf4 Nd3 34. Be3 Rc2 35. Kf1 Be7 36. Bb6 Bb4 37. e5 Nc5 38. Nd4 Rd2 39.
Nc6 Rc2 40. Nxb4 axb4 41. Bxc5 Rxc5 42. Re1 Rc3 43. Re3 1-0

[Event "Late-Titled-Tuesday-Blitz-January-30-2024"]
[Site "Chess.com"]
[Date "2024.01.30"]
[Round "7"]
[White "pavet"]
[Black "Sandpacer"]
[Result "1/2-1/2"]
[WhiteElo "2771"]
[BlackElo "2503"]
[TimeControl "180+1"]
[EndTime "15:18:04 PST"]
[Termination "Game drawn by agreement"]

1. e4 e5 2. Nf3 Nc6 3. Bc4 Bc5 4. d3 Nf6 5. O-O d6 6. Be3 Bb6 7. Nbd2 O-O 8. h3 Ne7 9. a4 c6 10. Bxb6 axb6 11. d4 Ng6 12. dxe5 dxe5 13. Re1 Qe7 14. Bf1 Nf4 15. Nc4 Qb4 16. c3 Qc5 17. b4 Qe7 18.
Qd6 Qxd6 19. Nxd6 Ng6 20. Bc4 Ne8 21. Red1 Nxd6 22. Rxd6 b5 23. Bb3 bxa4 24. Rxa4 Rxa4 25. Bxa4 Be6 26. Ng5 Bc4 27. Rd7 b5 28. Bd1 h6 29.
Nf3 Rc8 30. Nd2 Be6 31. Ra7 c5 32. Bh5 Nf4 33. Bg4 Bxg4 34. hxg4 cxb4 35. cxb4 Rc2 36.
Nf3 Nd3 37. Rd7 Nxf2 38. Nxe5 Nxe4 39. Rxf7 Rb2 40. Rb7 Rxb4 41. Nc6 Rb1+ 42. Kh2 Nf6 43. Ne7+ Kh7 44. Nf5 Nxg4+ 45. Kg3 Nf6 46. Rxg7+ Kh8 47. Rb7 b4 48. Nxh6 b3 49. Nf5 b2 50. Nh4 Ne4+ 51. Kg4 Nc5 52. Rb5 Nd3 53. Kg5 Rg1 54. Ng6+ Kg7 55.
Rb7+ Kg8 56. Rb8+ Kf7 57. Ne5+ Ke6 58. Nxd3 b1=Q 59. Nf4+ Kf7 60. Rxb1 Rxb1 61. Kg4 Kf6 62. g3 1/2-1/2

[Event "Late-Titled-Tuesday-Blitz-January-30-2024"]
[Site "Chess.com"]
[Date "2024.01.30"]
[Round "7"]
[White "FabianoCaruana"]
[Black "K_A_S_T_O_R"]
[Result "0-1"]
[WhiteElo "3035"]
[BlackElo "2928"]
[TimeControl "180+1"]
[EndTime "15:18:07 PST"]
[Termination "K_A_S_T_O_R won by resignation"]

1. e4 c5 2. Nf3 d6 3. d4 cxd4 4. Nxd4 Nf6 5. Nc3 a6 6. Be3 e6 7. Be2 Qc7 8. f4 b5 9. Bf3 Bb7 10. a3 Nbd7 11. Qe2 Be7 12. O-O O-O 13. Kh1 g6 14.
Rae1 Nc5 15. Bg1 e5 16. fxe5 dxe5 17. Nb3 Rad8 18. Rd1 Nxb3 19. cxb3 Bc5 20. Bxc5 Qxc5 21. b4 Qe7 22. Qe3 Kg7 23. h3 h6 24. Qc5 Rde8 25. Rd2 Qe6 26. Rd6 Qe7 27. Rfd1 Rc8 28. Qb6 Rb8 29.
Qa7 Ra8 30. Qe3 Rac8 31. Kh2 Rc7 32. a4 Rc4 33. axb5 axb5 34. Qb6 Rxb4 35. Rxf6 Qxf6 36. Qxb7 Qf4+ 37. Kh1 Rxb2 38. Nd5 Qg5 39. Qc6 b4 40. Qc5 Rb8 41. Qd6 Rc8 42. Nxb4 Rc3 43. Rg1 Rxf3 44. gxf3 Qf4 45. Rg2 Rb1+ 46. Rg1 Qxf3+ 47. Kh2 Rb2+ 0-1

[Event "Late-Titled-Tuesday-Blitz-January-30-2024"]
[Site "Chess.com"]
[Date "2024.01.30"]
[Round "7"]
[White "a-z30"]
[Black "Viktor_Poddubnyi"]
[Result "1/2-1/2"]
[WhiteElo "2516"]
[BlackElo "2329"]
[TimeControl "180+1"]
[EndTime "15:18:07 PST"]
[Termination "Game drawn by repetition"]

1. d4 g6 2. e4 Bg7 3. Nc3 d6 4. Nf3 Nf6 5. Be2 c6 6. a4 O-O 7.
O-O Nbd7 8. h3 e5 9. Be3 Qe7 10. dxe5 dxe5 11. Bc4 Nc5 12. Nd2 Nh5 13. Nb3 Ne6 14. Qc1 Nd4 15. Rd1 Rd8 16. Bg5 Bf6 17. Bxf6 Qxf6 18. Nxd4 exd4 19. Ne2 Qe5 20. Bd3 g5 21. c3 dxc3 22. Qxc3 Qxc3 23. Nxc3 Nf4 24. Bf1 Be6 25. Kh2 Kf8 26. g3 Ng6 27. a5 Ke7 28. Na4 Rxd1 29. Rxd1 Bb3 30. Ra1 Bxa4 31. Rxa4 Rd8 32.
Rb4 Rd7 33. Bc4 Ne5 34. Be2 Kd8 35. f4 Rd2 36. fxe5 Rxe2+ 37. Kg1 Kc7 38. h4 g4 39. Kf1 Rc2 40. e6 fxe6 41. e5 h5 42. Rf4 Rc5 43.
Rf7+ Kc8 44. Rf8+ Kc7 45. Rf7+ Kc8 46. Rf8+ Kc7 47. Rf7+ 1/2-1/2

[Event "Late-Titled-Tuesday-Blitz-January-30-2024"]
[Site "Chess.com"]
[Date "2024.01.30"]
[Round "7"]
[White "ATM622"]
[Black "ARTHURMOTIVATOR"]
[Result "0-1"]
[WhiteElo "2443"]
[BlackElo "2298"]
[TimeControl "180+1"]
[EndTime "15:18:09 PST"]
[Termination "ARTHURMOTIVATOR won on time"]

1. d4 Nf6 2. c4 c5 3. d5 g6 4.
g3 Bg7 5. Bg2 O-O 6. Nf3 b5 7.
cxb5 d6 8. a4 a6 9. bxa6 Nxa6 10. O-O Bf5 11. Nc3 Ne4 12. Nxe4 Bxe4 13. Nd2 Bxg2 14. Kxg2 Qb6 15. a5 Qb7 16. Nc4 Nb4 17.
e4 Ra6 18. Qb3 e6 19. Rd1 exd5 20. exd5 Qa8 21. Qf3 Rd8 22. Bg5 f6 23. Bf4 Nc2 24. Ra4 Nd4 25. Qe4 f5 26. Qd3 Qxd5+ 27. f3 Re8 28.
Ne3 Qxf3+ 29. Kh3 Qh5+ 30. Kg2 g5 31. g4 fxg4 32. Bg3 Qh3+ 33. Kh1 Ra7 34. Re1 Rae7 35.
Qc4+ Kh8 36. Ra3 Nf5 37. Qd5 Nxg3+ 38. Kg1 Ne4 39. Nxg4 Qxg4+ 40. Kh1 Qf4 41. Rg1 Rf8 42. Qc6 Qe5 43. Rag3 d5 0-1

[Event "Late-Titled-Tuesday-Blitz-January-30-2024"]
[Site "Chess.com"]
[Date "2024.01.30"]
[Round "7"]
[White "M1711"]
[Black "rhungaski"]
[Result "1-0"]
[WhiteElo "2659"]
[BlackElo "2501"]
[TimeControl "180+1"]
[EndTime "15:18:10 PST"]
[Termination "M1711 won by resignation"]

1. e4 g6 2. d4 Bg7 3. Nc3 d6 4.
Be3 a6 5. h4 h6 6. h5 g5 7. f4 gxf4 8. Bxf4 b5 9. Nf3 Nd7 10.
a3 Bb7 11. d5 c6 12. dxc6 Bxc6 13. Nd4 Qb6 14. Be3 Qb7 15. Be2 Ngf6 16. Bf3 Ne5 17. Nf5 Bf8 18. Qd4 Rd8 19. Rd1 e6 20. Ng3 Rg8 21.
Nge2 Nfg4 22. Bf4 Bg7 23. Qd2 Qb6 24. Rf1 Bb7 25. b3 a5 26. a4 b4 27. Nb5 Bf8 28. Nc1 Be7 29. Nd3 Nxf3+ 30. gxf3 Ne5 31. Be3 Qc6 32. Qe2 Nxd3+ 33. Rxd3 d5 34. Bxh6 dxe4 35. fxe4 Rxd3 36. cxd3 Bh4+ 37. Kd1 Rg3 38. Bd2 Bf6 39. Rxf6 Rh3 40. Rf1 Qc5 41. d4 Qc6 42. d5 Qc5 43. h6 Rxb3 44. Bc1 Rb1 45. Qc2 Qd4+ 46. Nxd4 1-0

[Event "Late-Titled-Tuesday-Blitz-January-30-2024"]
[Site "Chess.com"]
[Date "2024.01.30"]
[Round "7"]
[White "reevecanada"]
[Black "ArchibaldCerveza29"]
[Result "0-1"]
[WhiteElo "2592"]
[BlackElo "2503"]
[TimeControl "180+1"]
[EndTime "15:18:11 PST"]
[Termination "ArchibaldCerveza29 won by checkmate"]

1. e4 b6 2. Nf3 Bb7 3. Nc3 g6 4. d4 Bg7 5. h4 h6 6. h5 g5 7. Bd3 d6 8. Be3 Nd7 9. O-O e6 10. Qe2 Ndf6 11. Nd2 Ne7 12. Rad1 a6 13. Nb3 Qc8 14. f4 gxf4 15. Bxf4 Rg8 16. Kh1 Nc6 17. e5 dxe5 18. dxe5 Nd7 19. Bh7 Rh8 20. Be4 Ncxe5 21.
Bxe5 Nxe5 22. Nd4 c5 23. Nf3 Nc6 24. Qf2 Qc7 25. Nh4 Nd4 26. Nf3 Rf8 27. Qh4 Bxe4 28. Qxe4 Nf5 29. Qxa8+ Ke7 30. Qe4 Ng3+ 31. Kg1 Nxe4 32.
Nxe4 Rd8 33. c3 f5 34. Nf2 b5 35. Nh3 Rxd1 36. Rxd1 e5 37. Nh4 Ke6 38. Rf1 f4 39.
Ng6 c4 40. g3 fxg3 41. Rf3 e4 42. Ngf4+ Kd7 43. Rxg3 Be5 44. Rg4 Kc8 45. Nd5 Qc5+ 46. Kf1 Qxd5 47. Nf2 e3 48. Re4 exf2 49. Re2 Qd3 50.
Kxf2 Bf4 51. Kf1 Bg3 52. Kg2 Qxe2+ 53. Kxg3 Qxb2 54. Kf4 Qxa2 55. Kf5 Qb3 56. Kg6 Qxc3 57. Kxh6 Qh3 58. Kg6 Qxh5+ 59. Kxh5 b4 60. Kg6 b3 61. Kh6 b2 62. Kh7 b1=Q+ 63. Kg8 Qg1+ 64. Kh8 c3 65. Kh7 c2 66. Kh8 c1=Q 67. Kh7 Qf4 68. Kh8 Qh6# 0-1

[Event "Late-Titled-Tuesday-Blitz-January-30-2024"]
[Site "Chess.com"]
[Date "2024.01.30"]
[Round "7"]
[White "Evgeny81"]
[Black "cthulhuuu"]
[Result "1-0"]
[WhiteElo "2734"]
[BlackElo "2414"]
[TimeControl "180+1"]
[EndTime "15:18:14 PST"]
[Termination "Evgeny81 won on time"]

1. e4 d6 2. d4 Nf6 3. f3 e5 4.
Ne2 Be7 5. c4 O-O 6. Nbc3 c6 7.
Be3 a6 8. Qd2 b5 9. Ng3 b4 10.
Nd1 c5 11. d5 h6 12. Nf2 Nh7 13.
Bd3 Bg5 14. O-O-O Bxe3 15. Qxe3 Qg5 16. Qxg5 hxg5 17. h4 gxh4 18. Rxh4 g6 19. Rdh1 Nf6 20. f4 exf4 21. Rxf4 Kg7 22. e5 dxe5 23. Rxf6 Kxf6 24. Nfe4+ Kg7 25. Nxc5 Nd7 26. Nce4 Rh8 27. Re1 f5 28. Ng5 Nc5 29. Kd2 Kf6 30. Nh3 f4 31. Ne4+ Nxe4+ 32. Bxe4 Bxh3 33. gxh3 Rxh3 34. c5 Rc8 35. c6 Ke7 36.
Rg1 Rg3 37. Rh1 Kd6 38. Rh7 f3 39. Rd7+ Kc5 40. Ke3 Rf8 41. Kf2 Rg2+ 42. Kf1 Rxb2 43.
c7 Rh8 44. Bxf3 Rf8 45. Rd8 Rxf3+ 46. Ke1 Re3+ 47. Kd1 Rd3+ 48. Kc1 Rc3+ 49. Kxb2 1-0